Unix NetHack Version 3.7.0-88 Work-in-progress - last build Aug 6 2023 13:40:22 (5c9c4c7fffe0d5f0a8b1342c2a36a56ed743986a,branch:master). Game began 2023-07-25 14:21:01, ended 2023-08-08 12:36:27. playerb, lawful female dwarven Valkyrie ----- 5 5 1 1..| _ ---------14-- |..Aa..a|..1-- -.... |.a..@..|...1---...... -+- |...@&@.AaaaA.a..@.@... @ . _ |.a.aaaa|11..---...%.... . |....a.a|..5-- --....... | ---------..-- ----%--- --|-- ..1| .?.------- -------.%.| ----- .........| |.........| ------...-- --...------ ...-- --....| -...----|----.%.--- .............. ------------- Playerb the Warrior St:25 Dx:17 Co:20 In:11 Wi:14 Ch:13 Lawful S:1437131 Astral Plane $:0 HP:110(148) Pw:0(0) AC:-16 Xp:17/688014 T:61202 Latest messages: The high priest of Tyr hits! The high priest of Tyr kicks! The air crackles around the high priest of Tyr. The high priest of Tyr points at you, then curses. You don't have anything to eat. What do you want to drink? [P or ?*] P You feel completely healed. The massive hammer hits! Lightning strikes the giant beetle! You kill the giant beetle! The soldier ant misses! The soldier ant misses! The killer bee misses! The giant beetle misses! The giant ant misses! Death reaches out with its deadly touch. You feel your life force draining away... Death reaches out with its deadly touch. You feel your life force draining away... You hear a mumbled curse. You hear a mumbled curse. The high priest of Tyr swings his mace. The high priest of Tyr hits! The high priest of Tyr kicks! The high priest of Tyr points at you, then curses. The high priest of Tyr points at you, then curses. The high priest of Tyr swings his mace. The high priest of Tyr hits! The high priest of Tyr kicks! The high priest of Tyr points at you, then curses. The high priest of Tyr points at you, then curses. There is a high altar to Tyr (lawful) here. You see here a giant beetle corpse. The soldier ant strikes at thin air! The giant beetle attacks a spot beside you. Death moves the giant beetle out of the way! The Angel of Odin points at you, then curses. The killer bee misses! There is a giant beetle corpse here; sacrifice it? [ynq] (n) n What do you want to sacrifice? [M or ?*] ? You offer the Amulet of Yendor to Tyr... An invisible choir sings, and you are bathed in radiance... The voice of Tyr thunders: "Mortal, thou hast done well!" "In return for thy service, I grant thee the gift of Immortality!" You ascend to the status of Demigoddess... Do you want your possessions identified? [ynq] (y) y Do you want to see your attributes? [ynq] (y) y Do you want an account of creatures vanquished? [ynaq] (y) y Do you want a list of species genocided and extinct? [ynaq] (y) y Do you want to see your conduct and achievements? [ynq] (y) y Do you want to see the dungeon overview? [ynq] (y) y Inventory: Amulets K - an uncursed amulet of life saving S - a cursed amulet of reflection (being worn) Weapons D - the blessed rustproof +6 Excalibur (alternate weapon; not wielded) a - the blessed rustproof +7 Mjollnir (weapon in hand) Armor y - a blessed very corroded +2 orcish helm (being worn) C - an uncursed thoroughly rusty corroded +0 pair of gauntlets of power (being worn) s - an uncursed thoroughly burnt +0 pair of speed boots (being worn) X - a cursed +0 shield of reflection (being worn) p - a blessed +0 oilskin cloak (being worn) v - an uncursed +1 T-shirt with text "Go team ant!" (being worn) H - a cursed greased +4 gray dragon scale mail (being worn) Rings z - an uncursed ring of conflict x - a cursed ring of free action (on left hand) l - an uncursed ring of levitation g - an uncursed ring of teleport control Wands G - a wand of cold (0:3) V - a cursed wand of cold (0:2) m - a wand of death (0:1) e - a wand of digging (0:1) I - a wand of digging (0:0) q - a wand of fire (0:0) t - a wand of lightning (0:8) N - a wand of lightning (0:8) A - a wand of lightning (0:6) Z - a wand of magic missile (0:0) n - a wand of sleep (0:5) b - a cursed wand of striking (0:5) w - a cursed wand of striking (0:4) T - a wand of teleportation (0:5) Tools f - a blessed bag of holding containing 74 items L - an uncursed sack containing 2 items j - the uncursed Candelabrum of Invocation (0 of 7 candles attached) J - a blessed magic lamp (lit) o - the blessed Orb of Fate (1:4) h - an uncursed skeleton key r - an uncursed stethoscope d - an uncursed towel k - a blessed +0 unicorn horn Contents of the bag of holding: 2295 gold pieces an uncursed amulet of life saving an uncursed amulet of life saving an uncursed -1 pair of water walking boots named cursed an uncursed thoroughly burnt +3 small shield an uncursed +0 mummy wrapping an uncursed cram ration 2 uncursed lembas wafers 4 uncursed lumps of royal jelly an uncursed lizard corpse 7 blessed scrolls of blank paper 2 cursed scrolls of blank paper 2 uncursed scrolls of earth a blessed scroll of enchant weapon an uncursed scroll of genocide a cursed scroll of gold detection 2 blessed scrolls of remove curse an uncursed scroll of scare monster an uncursed scroll of scare monster 3 blessed scrolls of teleportation a cursed scroll of teleportation 2 blessed potions of extra healing 4 uncursed potions of extra healing 6 uncursed diluted potions of extra healing 2 cursed potions of extra healing 3 uncursed diluted potions of full healing a blessed potion of gain level 2 uncursed potions of gain level a cursed potion of gain level an uncursed potion of healing a blessed potion of oil a blessed potion of restore ability 5 potions of holy water an uncursed ring of levitation an uncursed ring of polymorph control an uncursed ring of sustain ability a wand of cold (0:4) a wand of cold (0:2) a wand of cold (0:0) a wand of death (0:7) a wand of death (0:6) a wand of digging (0:8) a wand of digging (0:7) a wand of digging (0:7) a wand of digging (0:7) a wand of digging (0:7) a wand of digging (0:6) a wand of digging (0:0) a wand of fire (0:6) a wand of fire (0:5) a wand of fire (0:4) a wand of fire (0:3) a wand of fire (0:0) a wand of light (0:13) a wand of lightning (0:7) a wand of lightning (0:3) a blessed wand of magic missile (0:4) a wand of magic missile (0:3) a blessed wand of secret door detection (0:6) a wand of sleep (0:7) a wand of sleep (0:6) a wand of sleep (0:6) a wand of sleep (0:5) a wand of sleep (0:0) a wand of striking (0:8) a wand of striking (0:6) a wand of striking (0:6) a wand of striking (0:4) a wand of teleportation (0:8) a wand of teleportation (0:7) a wand of teleportation (0:3) a wand of teleportation (0:3) a wand of teleportation (0:3) a magic marker (0:46) Contents of the sack: a wand of cancellation (0:7) a wand of cancellation (0:4) Playerb the Valkyrie's attributes: Background: You were a Warrior, a level 17 dwarven Valkyrie. You were lawful, on a mission for Tyr who was opposed by Odin (neutral) and Loki (chaotic). You were in the endgame, on the Astral Plane. You entered the dungeon 61202 turns ago. You had 688014 experience points, 591986 more were needed to attain level 18. Your score was 1437131 before end-of-game adjustments. Basics: You had 110 out of 148 hit points. You had no energy points (spell power). Your armor class was -16. Your wallet was empty, but you had 2295 zorkmids stashed away in your pack. Autopickup was off. Final Characteristics: Your strength was 25 (base:18/11, innate limit:18/100). Your dexterity was 17 (limit:20). Your constitution was 20 (limit:20). Your intelligence was 11 (limit:16). Your wisdom was 14 (limit:16). Your charisma was 13 (limit:16). Final Status: You were not hungry. You were unencumbered. You were wielding a hammer. You had expert skill with hammer. Final Attributes: You were piously aligned. You were magic-protected. You were fire resistant. You were cold resistant. You were sleep resistant. You were disintegration resistant. You were shock resistant. You were poison resistant. You saw invisible. You were telepathic. You were warned. You had infravision. You were invisible to others. You were stealthy. You had a moderate defense bonus (+7). You were guarded. You took half physical damage. You took half spell damage. You were very fast. You had reflection. You had free action. You were extremely lucky. You had extra luck. Good luck did not time out for you. You survived. Miscellaneous: You never encountered a bones level. Total elapsed playing time was 1 day, 8 hours, 30 minutes and 58 seconds. Major events: Turn 1: playerb the lawful dwarven Valkyrie entered the dungeon 812: attained the rank of Skirmisher (level 3) 1377: entered the Gnomish Mines 2562: attained the rank of Fighter (level 6) 3377: was bestowed with Mjollnir by Tyr 4435: entered Sokoban 6194: reached Mine Town 11616: acquired the Mines' End luckstone 13888: attained the rank of Woman-at-arms (level 10) 14832: performed her first genocide (master mind flayers) 15364: completed 1st Sokoban level 15724: entered the Bigroom 18069: genocided mind flayers 19853: completed 2nd Sokoban level 20179: completed 3rd Sokoban level 21036: completed 4th Sokoban level 21206: acquired the Sokoban bag of holding 24142: has been given Excalibur, and now enjoys supreme executive power 30529: killed Medusa 34871: entered Gehennom 38603: attained the rank of Warrior (level 14) 39186: found the Orb of Fate on the floor 39307: killed Lord Surtur 39354: acquired the Bell of Opening 40669: made her first wish - "2 blessed scrolls of charging", got "2 scrolls labeled XIXAXA XOXAXA XUXAXA" 40688: wished for "uncursed magic marker", got "a magic marker" 40692: genocided class L 42291: genocided shocking spheres 42879: wished for "blessed greased fixed +2 gray dragon scale mail", got "a greased gray dragon scale mail" 43873: killed Juiblex 44479: wished for "ring of free action", got "a silver ring" 44643: killed Yeenoghu 45108: killed the invisible Asmodeus 45118: killed Baalzebub 45943: found Demonbane in a shop 47669: killed the invisible Orcus 57480: destroyed Vlad the Impaler 57482: acquired the Candelabrum of Invocation 58253: killed the Wizard of Yendor 58255: acquired the Book of the Dead 58409: killed the Wizard of Yendor (2nd time) 58475: performed the invocation 59222: killed the high priest of Moloch 59224: acquired The Amulet of Yendor 60608: killed the Wizard of Yendor (3rd time) 60767: entered the Elemental Planes 60767: entered Plane of Earth 60780: killed the invisible Wizard of Yendor (5th time) 60848: entered Plane of Air 61017: entered Plane of Fire 61038: entered Plane of Water 61115: entered the Astral Plane 61134: killed the invisible Famine 61172: killed Death 61202: ascended Vanquished creatures: Asmodeus Baalzebub Orcus Yeenoghu Juiblex the Wizard of Yendor (6 times) Death Famine Vlad the Impaler a high cleric 3 mastodons Medusa 8 krakens 3 iron golems 6 storm giants a glass golem 5 balrogs 7 purple worms 4 gray dragons a gold dragon 3 silver dragons 3 red dragons 4 white dragons 4 orange dragons 6 black dragons 4 blue dragons a green dragon 2 yellow dragons 26 minotaurs 2 jabberwocks Lord Surtur 6 baluchitheria 2 demiliches 6 stone golems 7 Olog-hai 2 Nazgul 7 pit fiends 3 sandestins a hell hound 5 displacer beasts 7 titanotheres 7 trappers a baby blue dragon a baby green dragon 4 baby yellow dragons 3 genetic engineers 2 disenchanters 25 vampire leaders 5 skeletons 8 aligned clerics 3 captains 6 shades 3 liches 3 clay golems 10 nurses 3 ice devils 6 nalfeshnees 7 lurkers above a frost giant 6 ettins 15 black puddings 28 vampires 5 lieutenants 42 ghosts 3 queen bees 8 winged gargoyles 6 giant mimics 7 long worms 5 zruties 26 fire giants 5 ogre tyrants 2 ice trolls 15 rock trolls 10 umber hulks 7 flesh golems 5 elven monarchs 3 doppelgangers 12 hezrous 19 bone devils 5 large mimics 5 wumpuses 6 fire vortices a couatl 15 stalkers 11 air elementals 4 fire elementals 11 earth elementals 9 water elementals 10 hill giants 4 giant mummies 6 xorns 12 giant zombies 6 elf-nobles 13 sergeants 9 barbed devils 26 vrocks a salamander 24 wargs 2 hell hound pups 5 small mimics 3 glass piercers 7 warhorses 14 steam vortices 13 xans 5 ettin mummies 16 ogre leaders 9 quantum mechanics 10 trolls 5 wood golems 3 erinyes 6 mariliths a djinni 5 sharks an electric eel 5 gelatinous cubes 3 pyrolisks 3 large dogs a freezing sphere 8 flaming spheres 4 shocking spheres 3 large cats 5 tigers 11 gargoyles a dwarf ruler 9 ochre jellies 8 leocrottas 6 energy vortices 2 mountain centaurs 4 stone giants 3 elf mummies 4 human mummies 3 red nagas 2 green slimes 10 pythons 13 pit vipers 16 cobras 50 wraiths 9 carnivorous apes 17 ettin zombies 3 leather golems 9 Grey-elves 77 soldiers 2 watchmen 8 amorous demons 8 horned devils 10 chameleons 2 crocodiles 39 giant beetles 7 quivering blobs 24 cockatrices 20 wolves 15 winter wolf cubs 2 lynxes 2 panthers 44 gremlins 7 spotted jellies 29 leprechauns 3 orc-captains 5 iron piercers 8 mumakil 18 giant spiders 7 scorpions 7 horses 10 black lights 12 vampire bats 2 forest centaurs 4 gnome rulers 4 orc mummies 5 dwarf mummies 6 ogres 8 brown puddings 12 rust monsters 13 owlbears 10 yetis 5 gold golems 2 werewolves 12 Green-elves 2 piranha 7 giant eels 18 lizards 9 chickatrices 2 dingoes 2 dogs 3 housecats 7 jaguars a dwarf leader 7 blue jellies 6 gray unicorns 5 black unicorns 6 dust vortices 3 ravens 2 plains centaurs a gnome mummy 4 snakes 9 water moccasins 21 apes 19 human zombies 2 rope golems 16 Woodland-elves 19 soldier ants 77 fire ants 19 bugbears an imp 2 lemures 4 quasits 4 wood nymphs 7 water nymphs 7 mountain nymphs 15 Mordor orcs 20 Uruk-hai 5 orc shamans a rock piercer 3 rock moles 4 ponies 10 fog clouds 17 yellow lights 3 shriekers 5 violet fungi 10 gnome leaders a gnomish wizard 2 kobold mummies 3 black naga hatchlings 4 gray oozes 3 barrow wights 23 elf zombies 12 ghouls 4 straw golems 2 paper golems 2 jellyfish 45 giant ants 4 little dogs 11 floating eyes a kitten 6 dwarves 2 homunculi 2 kobold leaders 2 kobold shamans 35 hill orcs 23 rothes a rabid rat 3 centipedes 6 giant bats 4 monkeys 23 orc zombies 18 dwarf zombies 2 werejackals 11 iguanas 22 killer bees 12 acid blobs 2 coyotes a gas spore 3 hobbits 12 manes 7 large kobolds 9 hobgoblins 10 giant rats 11 cave spiders 3 brown molds 2 yellow molds 2 red molds 34 gnomes 3 garter snakes 10 gnome zombies 14 geckos 20 jackals 2 foxes 5 kobolds 6 goblins 12 sewer rats 11 grid bugs 11 bats 8 lichens 11 kobold zombies 12 newts 2322 creatures vanquished. Genocided or extinct species: arch-liches master liches demiliches master mind flayers liches mind flayers erinyes (extinct) shocking spheres 7 species genocided. 1 species extinct. Voluntary challenges: You read items or engraved 102 times. You engraved Elbereth 5 times. You genocided 7 types of monsters. You used 4 wishes. You did not wish for any artifacts. You did not violate any of the special Sokoban rules. Achievements: You entered a shop. You attained the rank of Skirmisher. You entered the Gnomish Mines. You attained the rank of Fighter. You entered Sokoban. You entered Minetown. You entered a temple. You completed the Gnomish Mines. You attained the rank of Woman-at-arms. You entered the Big Room. You completed Sokoban. You defeated Medusa. You learned the tune to open and close the Castle's drawbridge. You entered Gehennom. You attained the rank of Warrior. You handled the Bell of Opening. You had the Candelabrum of Invocation. You handled the Book of the Dead. You gained access to Moloch's Sanctum. You reached the Elemental Planes. You reached the Astral Plane. You delivered the Amulet of Yendor. You ascended! The Elemental Planes: Astral Plane: <- You are here. Many altars. Plane of Water: Plane of Fire: Plane of Air: Plane of Earth: The Dungeons of Doom: levels 1 to 26 Level 1: A fountain. One way stairs up to The Elemental Planes. Level 2: A potion shop, a fountain. Level 3: A general store, a fountain. Level 4: An armor shop. Stairs down to The Gnomish Mines. Level 5: Many altars, a fountain. Level 6: Level 7: Many fountains. Level 8: Stairs up to Sokoban, level 7. Level 9: An altar, a fountain. Level 10: A fountain. Level 11: A very big room. Level 12: "stash" A general store. Level 13: Portal to The Quest. Level 14: An altar, a fountain. Level 15: Level 16: "stash" Level 17: A grave. Level 18: A primitive area. Level 19: Level 20: Level 21: Level 22: Some fountains, many trees. Level 23: Level 24: Level 25: Level 26: A fountain. The castle. Connection to Gehennom. Gehennom: levels 27 to 49 Level 27: A temple, many graves. Valley of the Dead. Level 28: Level 29: Level 30: Level 31: Level 32: Level 33: Level 34: Level 35: Stairs up to Vlad's Tower, level 34. Level 36: Level 37: Level 38: Level 39: Some shops, an altar, many graves. Level 40: Level 41: Level 42: Level 43: Level 44: Level 45: Level 46: Level 47: Level 48: Level 49: A temple, many graves. Moloch's Sanctum. The Gnomish Mines: levels 5 to 13 Level 5: Level 6: Level 7: Level 8: Many shops, a temple, some fountains, some trees. Level 9: Level 10: Level 11: Level 12: Level 13: A fountain. The Quest: levels 1 to 5 Level 1: A fountain. Completed quest for the Norn. Level 2: Level 3: Level 4: Level 5: Sokoban: levels 7 up to 4 Level 4: Solved. Level 5: Solved. Level 6: Solved. Level 7: Solved. Vlad's Tower: levels 34 up to 32 Level 32: A throne. Level 33: Level 34: Farvel playerb the Demigoddess... You went to your reward with 2916112 points, Mjollnir (worth 4000 zorkmids and 10000 points) The Candelabrum of Invocation (worth 5000 zorkmids and 12500 points) The Orb of Fate (worth 3500 zorkmids and 8750 points) Excalibur (worth 4000 zorkmids and 10000 points) 3 amulets of life saving (worth 450 zorkmids), 1 amulet of reflection (worth 150 zorkmids), and 2295 pieces of gold, after 61202 moves. You were level 17 with a maximum of 148 hit points when you ascended.